Map: Abyssal Reef LE

Players

KebabKing (SpaceMarine)

  • Race: Protoss Protoss
  • Spawn Location: 11:00

Ziggy - Winner!

  • Race: Terran Terran
  • Spawn Location: 5:00

Event: WCS Jonkoping 2017

VOD

Have the link to the VOD?

Description

Time

  • Played on: June 17, 2017, 11:59 a.m.
  • Length: 22:46

All games in this series

Show
View Real Time Build Order
Export as new Build Order

KebabKing Protoss 

Build Orders: 1 Gate Expand 

Get SALT Encoding   

  12  0:01  Probe (Chrono Boost)  
  13  0:11  Probe (Chrono Boost)  
  14  0:17  Pylon  
  14  0:22  Probe (Chrono Boost)  
  15  0:35  Probe (Chrono Boost)  
  16  0:36  Gateway  
  16  0:41  Assimilator  
  16  0:46  Probe (Chrono Boost)  
  17  0:56  Probe (Chrono Boost)  
  18  1:07  Probe (Chrono Boost)  
  19  1:19  Nexus  
  19  1:29  Cybernetics Core  
  20  1:33  Probe (Chrono Boost)  
  20  1:43  Probe (Chrono Boost)  
  21  1:49  Pylon  
  21  1:54  Probe (Chrono Boost)  
  22  2:05  Assimilator  
  22  2:06  Assimilator  
  22  2:07  Mothership Core (Chrono Boost)  
  24  2:15  Adept (Chrono Boost)  
  26  2:27  Probe (Chrono Boost)  
  27  2:32  Probe (Chrono Boost)  
  27  2:33  Warp Gate (Chrono Boost)  
  28  2:38  Probe (Chrono Boost)  
  28  2:41  Adept (Chrono Boost)  
  28  2:44  Probe (Chrono Boost)  
  32  2:49  Probe (Chrono Boost)  
  33  2:54  Probe (Chrono Boost)  
  34  3:00  Probe (Chrono Boost)  
  34  3:03  Probe (Chrono Boost), Robotics Facility  
  36  3:11  Probe  
  37  3:13  Probe  
  37  3:18  Gateway  
  37  3:23  Probe  
  37  3:24  Probe  
  39  3:27  Gateway  
  39  3:34  Probe  
  39  3:35  Probe  
  39  3:39  Stalker  
  43  3:45  Probe  
  43  3:47  Probe  
  45  3:51  Pylon  
  45  4:09  Probe  
  41  4:10  Probe  
  41  4:14  Warp Prism (Chrono Boost)  
  45  4:23  Probe  
  46  4:24  Probe, Twilight Council  
  47  4:33  Pylon  
  47  4:35  Probe  
  47  4:37  Probe  
  48  4:43  Pylon  
  50  4:46  Observer (Chrono Boost)  
  50  4:52  Adept x3  
  53  5:10  Observer (Chrono Boost)  
  54  5:24  Probe  
  54  5:27  Probe  
  52  5:28  Dark Shrine  
  51  5:36  Probe  
  51  5:37  Probe  
  51  5:39  Resonating Glaives (Chrono Boost)  
  51  5:41  Forge  
  53  5:43  Adept  
  53  5:44  Adept x2  
  53  5:48  Probe x2  
  61  6:00  Probe  
  62  6:05  Warp Prism  
  62  6:15  Protoss Ground Weapons Level 1 (Chrono Boost)  
  62  6:18  Probe  
  53  6:19  Adept x3  
  57  6:31  Gateway  
  57  6:33  Pylon  
  57  6:34  Gateway x2  
  57  6:39  Pylon, Immortal  
  57  6:42  Probe x2  
  63  6:50  Dark Templar x2  
  63  6:53  Dark Templar  
  69  7:12  Probe  
  70  7:16  Probe, Blink (Chrono Boost)  
  70  7:28  Probe  
  71  7:40  Probe  
  72  7:45  Probe  
  72  7:46  Adept  
  72  7:47  Adept  
  72  7:49  Pylon  
  72  7:50  Pylon  
  77  7:51  Protoss Ground Armor Level 1  
  77  7:52  Probe  
  77  7:57  Probe  
  73  8:00  Nexus  
  73  8:04  Probe  
  74  8:07  Adept x5  
  74  8:08  Adept  
  88  8:27  Immortal  
  88  8:31  Pylon  
  88  8:32  Sentry  
  88  8:33  Stalker x2  
  94  8:39  Pylon  
  94  8:41  Pylon  
  92  9:04  Adept x6  
  92  9:06  Immortal  
  83  9:28  Stalker x2  
  87  9:38  Adept x4  
  88  9:40  Protoss Ground Armor Level 2  
  94  9:50  Probe x2  
  94  9:51  Probe  
  95  10:02  Sentry, Stalker x4  
  95  10:03  Stalker  
  107  10:16  Pylon  
  107  10:22  Immortal (Chrono Boost)  
  107  10:25  Adept x4  
  107  10:27  Adept  
  103  10:51  Adept  
  103  10:52  Adept x5  
  103  10:57  Assimilator  
  115  11:07  Pylon  
  115  11:09  Pylon  
  113  11:16  Adept x4  
  113  11:17  Adept x2  
  91  11:33  Probe  
  91  11:34  Probe  
  91  11:35  Probe, Immortal (Chrono Boost)  
  91  11:37  Protoss Ground Armor Level 3, Adept x5  
  108  11:43  Probe  
  108  11:47  Probe x2  
  111  11:48  Nexus  
  111  11:50  Pylon  
  111  12:02  Probe  
  111  12:04  Probe  
  111  12:06  Probe, Assimilator  
  114  12:14  Probe  
  114  12:15  Warp Prism (Chrono Boost)  
  116  12:16  Probe  
  116  12:18  Assimilator  
  118  12:30  Probe  
  118  12:31  Probe x2  
  118  12:36  Assimilator  
  121  12:40  Probe, Assimilator  
  106  13:11  Stalker x6  
  118  13:13  Immortal (Chrono Boost)  
  120  13:24  Gateway  
  120  13:25  Gateway  
  120  13:27  Gateway  
  120  13:29  Gateway  
  116  13:37  Stalker x3  
  116  13:38  Stalker x3  
  116  13:49  Immortal (Chrono Boost)  
  120  13:56  Protoss Ground Weapons Level 2  
  120  14:04  Adept x4  
  120  14:06  Stalker x2  
  132  14:11  Charge (Chrono Boost), Templar Archives  
  132  14:32  Adept x6  
  144  14:40  Immortal  
  148  14:52  Adept x4  
  154  14:53  Adept x3  
  154  14:54  High Templar  
  154  14:59  Pylon  
  164  15:01  Pylon  
  164  15:02  Pylon  
  164  15:20  High Templar x4  
  172  15:21  High Templar  
  172  15:22  Adept x4  
  172  15:25  Archon x3  
  180  15:39  Pylon  
  180  15:40  Pylon  
  140  16:01  Stalker  
  140  16:02  Stalker x4  
  116  16:07  Stalker x2  
  118  16:18  Adept x3  
  124  16:24  Nexus  
  110  16:43  High Templar x4  
  114  16:56  Archon x2, Adept x5  
  124  17:18  Sentry  
  124  17:21  Nexus  
  126  17:29  Adept  
  128  17:30  Adept  
  130  17:38  Stalker  
  130  17:39  Stalker  
  130  17:40  Stalker x2  
  130  17:42  Stalker x2  
  138  18:03  Stalker, Adept x4  
  138  18:04  Stalker  
  148  18:13  Pylon  
  148  18:19  Sentry  
  150  18:20  Adept x3  
  153  18:28  Stalker x2, Nexus  
  115  18:51  Stalker x2  
  115  18:52  Stalker  
  121  19:00  Sentry  
  121  19:01  Adept x5  
  133  19:25  Assimilator  
  133  19:26  Stalker x4  
  133  19:27  Stalker  
  143  19:38  Stalker x3  
  148  19:45  Observer (Chrono Boost)  
  135  20:06  Observer (Chrono Boost)  
  75  20:37  Probe  
  75  20:39  Probe x2  
  76  20:48  Probe  
  81  20:50  Immortal (Chrono Boost)  
  81  20:52  Sentry x2  
  85  20:59  Adept x2  
  85  21:00  Adept x2  
  93  21:16  Adept x3  
  99  21:23  Warp Prism (Chrono Boost)  
  101  21:36  Adept x3  
  105  21:41  Sentry  
  105  21:42  Adept x2  
  107  22:18  High Templar x2  
  107  22:20  High Templar  
  107  22:24  Adept x2  
  103  22:38  Archon  
Show
View Real Time Build Order
Export as new Build Order

Ziggy Terran - Winner!

Build Orders: Reaper Expand, MMM Bio 

Get SALT Encoding   

  12  0:00  SCV  
  13  0:13  SCV  
  14  0:17  Supply Depot  
  14  0:25  SCV  
  15  0:30  Refinery  
  15  0:39  SCV  
  16  0:44  Barracks  
  16  0:51  SCV  
  17  1:03  SCV  
  18  1:15  SCV  
  19  1:32  Orbital Command, Reaper  
  20  1:33  Refinery  
  19  1:54  Command Center  
  19  1:59  SCV  
  20  2:13  SCV  
  20  2:14  Barracks Reactor  
  21  2:18  Factory  
  21  2:21  Supply Depot  
  21  2:25  SCV  
  22  2:30  Refinery  
  22  2:37  SCV  
  23  2:50  SCV  
  24  2:59  Barracks Tech Lab  
  24  3:02  SCV, Starport  
  25  3:08  Orbital Command  
  25  3:09  Hellion  
  25  3:10  Hellion  
  29  3:14  SCV  
  30  3:26  Marauder  
  32  3:27  Stimpack  
  32  3:30  Widow Mine  
  34  3:34  Widow Mine  
  34  3:37  SCV  
  37  3:46  Medivac  
  37  3:47  Marine  
  40  3:54  SCV x2  
  38  4:09  SCV  
  38  4:17  Barracks  
  38  4:18  Barracks x2  
  38  4:19  SCV  
  38  4:21  SCV, Factory Tech Lab, Marine  
  38  4:22  Starport Reactor  
  41  4:27  Engineering Bay  
  41  4:29  Supply Depot  
  41  4:31  SCV  
  42  4:33  SCV  
  43  4:39  Marine  
  43  4:43  SCV  
  46  4:45  SCV  
  46  4:48  Refinery  
  46  4:50  Siege Tank  
  49  4:55  SCV  
  49  4:59  Medivac  
  54  5:07  Marauder  
  54  5:09  Barracks Tech Lab  
  54  5:12  Marine x2  
  54  5:13  Supply Depot  
  54  5:15  SCV x2  
  54  5:19  Barracks Tech Lab, Terran Infantry Weapons Level 1  
  56  5:24  Missile Turret  
  56  5:28  SCV x2  
  55  5:30  Marine x2  
  55  5:31  Marauder, Marine  
  55  5:38  Combat Shields  
  55  5:40  SCV x2  
  57  5:43  Marine  
  57  5:47  Marine  
  59  5:52  Marine x2, SCV x2  
  63  5:58  Supply Depot  
  63  6:02  Supply Depot  
  63  6:04  SCV x2  
  61  6:12  Marine  
  61  6:16  SCV x2  
  61  6:19  Marine  
  61  6:23  Marine x2  
  64  6:28  Medivac  
  64  6:30  Marine x2  
  68  6:36  SCV x2  
  68  6:38  Siege Tank  
  73  6:41  Marine x3  
  76  6:47  Marine  
  76  6:48  Liberator, Marine  
  78  6:59  Marine x3  
  81  7:04  Command Center  
  81  7:06  Marauder  
  86  7:12  Supply Depot  
  86  7:16  Supply Depot  
  86  7:23  Siege Tank, Marine x2  
  86  7:28  Missile Turret  
  88  7:32  Missile Turret  
  88  7:33  Marine  
  88  7:34  Marauder  
  91  7:37  Missile Turret  
  91  7:38  Marine  
  87  7:47  Marine x2  
  81  7:58  Marine x2  
  77  8:25  Marine x2  
  77  8:26  Marauder, SCV, Missile Turret  
  82  8:28  SCV  
  82  8:33  SCV  
  84  8:38  SCV  
  85  8:43  Marine x4  
  85  8:48  SCV  
  90  8:50  SCV  
  91  8:56  Terran Infantry Armor Level 1  
  91  9:00  SCV x2  
  93  9:10  Marine x2  
  93  9:11  Marauder, SCV  
  95  9:18  SCV x2  
  97  9:24  Medivac  
  97  9:25  Medivac  
  97  9:29  Refinery  
  97  9:30  SCV  
  102  9:32  Marine  
  102  9:37  Liberator, Marine x2  
  105  9:41  SCV, Marine  
  105  9:42  Marine  
  104  9:50  Marine  
  104  9:54  Marine  
  104  9:56  Marine  
  104  9:57  SCV x2  
  104  9:59  Marine  
  112  10:01  Marine  
  113  10:08  Marine  
  113  10:12  Orbital Command, Marine  
  117  10:14  Marauder  
  117  10:17  SCV x2  
  119  10:22  Marine x2  
  119  10:26  Liberator  
  121  10:34  Marine  
  115  10:35  Marauder  
  115  10:39  Marine  
  115  10:40  Marine  
  115  10:41  Marauder  
  114  10:52  Marine, SCV  
  114  10:53  SCV x2  
  114  10:55  Missile Turret  
  114  10:56  Marine  
  115  10:58  Marauder  
  115  11:00  Siege Tank  
  119  11:06  Marauder, Marine  
  98  11:23  Marauder, Marine  
  87  11:28  Marine x3  
  87  11:32  Siege Tank, SCV x3, Barracks  
  84  11:34  Barracks  
  84  11:35  Barracks  
  83  11:41  Marine  
  83  11:42  Liberator  
  83  11:44  SCV x2  
  83  11:45  Marauder  
  83  11:46  Marine x2  
  83  11:47  Marauder  
  92  11:48  Armory  
  92  11:49  Engineering Bay  
  92  11:53  SCV  
  93  11:56  SCV  
  93  11:58  Marine  
  98  12:04  Marine x2  
  98  12:05  Ghost Academy  
  98  12:06  Marine, SCV x2  
  98  12:07  Marine  
  104  12:10  Liberator  
  104  12:11  Siege Tank  
  107  12:15  Supply Depot  
  107  12:16  Marine, Supply Depot  
  107  12:17  Supply Depot  
  107  12:21  Marine x3  
  107  12:22  Marine x2  
  112  12:24  Marauder  
  112  12:25  Liberator, Marine  
  119  12:42  Marauder, Barracks Tech Lab x2  
  119  12:43  Barracks Tech Lab  
  119  12:44  Marauder  
  126  12:45  Marauder, Refinery  
  126  12:46  Refinery  
  128  12:53  Liberator  
  128  13:02  Ghost  
  128  13:04  Ghost  
  132  13:06  Ghost  
  132  13:11  Siege Tank, Marauder  
  132  13:12  Marine x2  
  144  13:20  Marine  
  144  13:21  Marauder  
  144  13:24  SCV  
  144  13:25  SCV x2  
  142  13:30  Marine x2  
  142  13:31  Ghost  
  143  13:37  SCV, Marine  
  143  13:38  Marauder, Marine  
  143  13:39  SCV  
  149  13:42  SCV  
  132  13:56  Medivac x2  
  132  14:00  Marauder, Marine x3  
  132  14:02  Marine  
  142  14:07  Ghost  
  144  14:11  Marine x2  
  144  14:15  Orbital Command  
  144  14:16  SCV x2  
  141  14:25  Marauder, Marine  
  141  14:28  SCV x2  
  144  14:37  Ghost x2  
  148  14:40  SCV  
  146  14:48  Marine x2  
  146  14:49  Marauder  
  145  14:56  Liberator, Marine x2  
  145  14:57  Marauder  
  145  14:58  SCV  
  149  15:05  SCV, Marine  
  149  15:06  Marine  
  155  15:19  Marine x2  
  157  15:24  Supply Depot  
  157  15:25  Marine x2  
  157  15:33  Marine x3  
  157  15:34  Marauder  
  158  15:40  Marine x2  
  160  15:43  Marauder  
  160  15:45  Marine  
  162  15:51  Marauder, Marine  
  127  15:58  Marine x2  
  127  15:59  Marauder  
  127  16:00  Marine  
  127  16:03  Marine  
  119  16:04  Marauder  
  119  16:09  Marine  
  119  16:12  Marine  
  119  16:16  Marine x2  
  119  16:18  Marine  
  122  16:20  Marauder  
  122  16:21  Marine  
  122  16:24  Siege Tank  
  122  16:25  Marine  
  125  16:26  Marine  
  125  16:31  Marauder  
  127  16:33  Marine  
  127  16:34  Marine  
  127  16:36  Marine  
  127  16:39  Marine  
  123  16:41  Marauder  
  123  16:43  Ghost  
  123  16:44  Ghost  
  128  16:51  Marine x3  
  128  16:52  Supply Depot  
  128  16:53  Marine, Supply Depot  
  129  16:54  Supply Depot  
  129  16:57  Marauder, Supply Depot  
  131  17:01  Medivac x2  
  131  17:02  Marine  
  131  17:05  Terran Infantry Weapons Level 2  
  131  17:06  Terran Infantry Armor Level 2  
  136  17:08  Siege Tank  
  136  17:10  Marauder  
  136  17:14  Marauder x3, Marine x2, Supply Depot x2  
  149  17:16  Supply Depot  
  149  17:18  Marauder  
  149  17:19  Supply Depot  
  149  17:21  Supply Depot x2  
  151  17:28  Command Center  
  151  17:33  Personal Cloaking  
  151  17:43  Marauder x2, Marine x2  
  157  17:47  Marine  
  157  17:49  Marine  
  158  17:53  Ghost  
  158  17:57  Liberator x2  
  154  18:04  Ghost x2  
  160  18:21  Marauder, Marine  
  160  18:25  Marine x2  
  160  18:26  Marauder  
  160  18:35  Marauder, Marine x2  
  160  18:39  Marine  
  131  18:42  Marine  
  131  18:43  Marine  
  131  18:44  Marauder  
  131  18:47  Marine  
  126  18:53  Marine x2  
  126  18:56  Marine  
  126  18:57  Marauder  
  126  19:00  Marine  
  126  19:01  Marine  
  127  19:04  Liberator  
  127  19:05  Marine x2  
  129  19:10  Marine x2  
  129  19:14  Marine  
  129  19:15  Orbital Command  
  132  19:17  Missile Turret, Ghost  
  132  19:18  Marine  
  138  19:34  Marine  
  138  19:35  Marauder x2, Marine x3  
  146  19:43  Marine  
  144  19:46  Marine  
  144  19:52  Marine x2  
  144  19:53  Marauder, Marine  
  144  19:56  Marine  
  144  19:57  Marauder  
  150  20:01  Marine  
  150  20:04  Marine  
  149  20:10  Marine x2  
  149  20:11  Marauder  
  150  20:14  Marine x2  
  150  20:18  Marine  
  150  20:19  Marauder, Medivac x2  
  135  20:22  Marine  
  135  20:28  Marine x2  
  115  20:32  Marauder, Marine x2  
  115  20:36  Marauder  
  115  20:40  Marine  
  115  20:41  Marauder  
  120  20:46  Marine x2  
  120  20:49  Medivac x2  
  124  20:50  Marauder, Marine  
  124  20:53  Marine  
  128  20:57  Marine x2  
  128  21:00  Orbital Command  
  128  21:02  Marine  
  128  21:04  Marine x2  
  132  21:07  SCV, Refinery x2  
  132  21:08  Marauder, SCV x2  
  138  21:11  Marine x2  
  138  21:12  Liberator  
  138  21:15  Marauder, Marine  
  143  21:19  Marine  
  143  21:21  Marine  
  143  21:22  Marine  
  146  21:26  SCV  
  146  21:27  SCV x3  
  146  21:29  Marauder x2, Marine  
  158  21:33  Marine  
  158  21:36  Marauder, Medivac  
  158  21:38  Marauder  
  158  21:39  Marine x2  
  163  21:42  Refinery  
  163  21:44  Refinery  
  164  21:47  Siege Tank, Marine  
  164  21:50  Marine  
  164  21:51  Marauder x2  
  173  21:58  Marauder  
  173  21:59  Marauder  
  174  22:05  Marine x2  
  174  22:06  Marine  
  173  22:08  SCV x2  
  173  22:09  Marauder, SCV x2  
  173  22:12  Marine x2  
  179  22:19  Marauder  
  179  22:20  Marine, SCV  
  180  22:23  Marine x3  
  180  22:24  SCV  
Tags
 
Add a new tag
Caveats
  • Supply blocks, unpowered buildings, or Contaminate may cause inaccurate times.
  • Supply counts are checked every 10 seconds.